Description

TvP Banshees

VOD

https://www.youtube.com/watch?v=GBp-Y53LaNQ

Replay - TvP Special's Speed Banshee Mech

Build Order

Get SALT Encoding   

  12  0:00  SCV  
  13  0:12  SCV  
  14  0:17  Supply Depot  
  14  0:24  SCV  
  15  0:38  SCV  
  15  0:40  Barracks  
  16  0:44  Refinery  
  16  0:51  SCV  
  17  1:03  SCV  
  18  1:15  SCV  
  19  1:28  Reaper, Orbital Command  
  20  1:40  Command Center  
  20  1:54  SCV  
  20  1:55  Supply Depot  
  20  2:00  Barracks Reactor  
  21  2:06  SCV  
  22  2:11  Refinery  
  22  2:18  SCV  
  23  2:22  Factory  
  23  2:24  Bunker  
  23  2:36  Marine x2  
  27  2:52  Orbital Command  
  27  2:54  Marine x2  
  30  3:08  Starport  
  30  3:09  Hellion  
  33  3:14  Marine x2  
  36  3:25  Supply Depot  
  37  3:32  Factory Tech Lab, Marine x2  
  41  3:48  Supply Depot  
  43  3:56  Raven  
  43  4:00  Factory Tech Lab  
  47  4:05  Command Center  
  47  4:09  Marine x2  
  48  4:15  Supply Depot  
  51  4:19  Siege Tank  
  55  4:27  Refinery x2  
  59  4:41  Banshee  
  59  4:44  Cloaking Field  
  65  4:55  Siege Tank  
  73  5:19  Orbital Command, Factory x2  
  74  5:24  Banshee  
  78  5:40  Siege Tank  
  83  5:46  Orbital Command  
  83  5:49  Barracks Tech Lab  
  84  5:51  Engineering Bay  
  85  6:00  Refinery x2  
  86  6:16  Banshee, Siege Tank  
  86  6:17  Hyperflight Rotors  
  95  6:22  Hellion x3  
  104  6:44  Hellion  
  108  6:48  Missile Turret x3  
  108  6:50  Siege Tank x2  
  115  6:55  Armory x2  
  115  7:00  Banshee  
  122  7:12  Hellion x2  
  127  7:22  Factory x2  
  129  7:27  Siege Tank x2  
  138  7:38  Hellion x2  
  138  7:39  Infernal Pre-Igniter  
  142  7:45  Banshee  
  142  7:47  Terran Vehicle Weapons Level 1  
  142  7:48  Terran Vehicle And Ship Armor Level 1  
  148  7:58  Command Center  
  148  8:06  Siege Tank x2  
  148  8:07  Factory Tech Lab x2  
  155  8:15  Hellion  
  159  8:23  Factory x2  
  159  8:29  Cyclone  
  159  8:32  Factory  
  162  8:38  Cyclone  
  171  8:45  Missile Turret x2  
  171  8:51  Cyclone  
  174  8:56  Mag-Field Accelerator  
  174  9:00  Cyclone  
  181  9:05  Command Center, Cyclone  
  181  9:08  Factory Tech Lab  
  186  9:18  Factory Tech Lab  
  186  9:23  Cyclone  
  186  9:24  Factory Reactor  
  193  9:32  Cyclone  
  193  9:35  Sensor Tower  
  200  9:45  Refinery  
  200  9:54  Sensor Tower  
  200  9:55  Refinery  
Spawning Tool Build Advisor. Get it on Overwolf

Go to:

Details

  • Created by: JimPanzee
  • Published on: Jun 25, 2025
  • Modified on: Jun 25, 2025
  • Patch: 5.0.11
  • Difficulty: Medium
Show
View Real Time Build Order
Export as new Build Order

Comments (0)

There are no comments. Be the first!

Create an account to comment!